 Dungeon Crawl Stone Soup version 0.17-a0-2014-g32cd421 (webtiles) character file.

3242 brucemayne the Severer (level 9, -7/70 HPs)
             Began as a Hill Orc Berserker on Oct 9, 2015.
             Was a Believer of Trog.
             Shot with an arrow by a centaur warrior (13 damage)
             ... on level 10 of the Dungeon.
             The game lasted 00:12:38 (2652 turns).

brucemayne the Severer (Hill Orc Berserker)         Turns: 2652, Time: 00:12:38

Health: -7/70      AC:  5    Str: 24    XL:     9   Next: 99%
Magic:  9/9        EV: 10    Int: 10    God:    Trog [**....]
Gold:   225        SH:  0    Dex: 14    Spells: 0 memorised, 8 levels left

rFire  + . .     SeeInvis .     a - +1 hand axe
rCold  . . .     Clarity  .     t - +0 scale mail {rF+}
rNeg   . . .     SustAt   .     (no shield)
rPois  +         Gourm    .     (no helmet)
rElec  .         Spirit   .     (no cloak)
rCorr  .         Warding  .     (no gloves)
rMut   .         Stasis   .     (no boots)
MR     +....                    (no amulet)
Stlth  ..........               s - ring of Qunteah {rPois MR+ Str+3 Int+5}
                                A - +4 ring of dexterity

@: somewhat resistant to hostile enchantments, extremely unstealthy
A: slimy green scales 1, deformed body, dopey 1, weak 1
a: Burn Spellbooks, Berserk, Trog's Hand, Renounce Religion


You were on level 10 of the Dungeon.
You worshipped Trog.
Trog was pleased with you.
You were not hungry.

You visited 1 branch of the dungeon, and saw 10 of its levels.

You collected 225 gold pieces.

Inventory:

Hand Weapons
 a - a +1 hand axe (weapon)
Armour
 b - a +0 animal skin
 e - a +2 large shield
 g - a +0 pair of boots
 i - a +0 ring mail
 t - a +0 scale mail of fire resistance (worn)
Jewellery
 h - an uncursed ring of teleportation
 s - the ring of Qunteah (right hand) {rPois MR+ Str+3 Int+5}
   (You found it on level 4 of the Dungeon)

   [ring of strength]

   It affects your strength (+3).
   It affects your intelligence (+5).
   It protects you from poison.
   It affects your resistance to hostile enchantments.
 x - an uncursed ring of ice
 A - a +4 ring of dexterity (left hand)
Wands
 p - a wand of fireball (9)
Scrolls
 l - a scroll of fog
 y - a scroll of recharging
 B - 5 scrolls of remove curse
Miscellaneous
 d - a stone of tremors
Comestibles
 c - 2 bread rations
 f - a beef jerky
 j - 4 chunks of flesh
 m - 2 meat rations
 o - a royal jelly
 q - 2 fruits


   Skills:
 - Level 3.6 Fighting
 + Level 16.8 Axes
 - Level 2.1 Armour
 - Level 1.5 Dodging


You had 8 spell levels left.
You didn't know any spells.

Dungeon Overview and Level Annotations

Branches:
Dungeon (10/15)
 Temple: D:4-7         Lair: D:8-11         Orc: D:9-12

Altars:
Ashenzari
Qazlal
Ru
Trog
Xom
Yredelemnul
The Shining One

Annotations:
D:10 Uberwunderbarhen's ghost, novice OpTm


Innate Abilities, Weirdness & Mutations

You are partially covered in slimy green scales (AC +2).
Armour fits poorly on your strangely shaped body.
You are dopey. (Int -2)
You are weak. (Str -2)


Message History

There is a stone staircase leading down here.
You open the large door.
Found a potion of poison.
There is a large open door here.
A centaur warrior comes into view.
The centaur warrior wields a shortbow.
The centaur warrior shoots an arrow.
The arrow hits you.
There is a large open door here.
You see here an arrow.
The centaur warrior shoots an arrow.
The arrow closely misses you.
You see here an arrow.
Unknown command.
The centaur warrior shoots an arrow.
The arrow hits you.
There is a large open door, spattered with blood here.
You see here 2 arrows.
The centaur warrior shoots an arrow.
The arrow hits you!!
* * * LOW HITPOINT WARNING * * *
You see here an arrow.
The centaur warrior shoots an arrow.
The arrow hits you!
You die...

..........b+....#......#
#.........##†#.#..###.#
+.........†.........>.#
#.........####.#.###..#
..##########
#.#.###..###### .
#.#.....†÷....#
#..##....<....#
#..##.........#
#.@.#.........#
#.#(#.........#
#.#.'.........#
#.##(.........#
#.#.(........##
#.#..........#
#.#..........# .#
.?#.....c....# .# ......
#!........


You could see a centaur warrior.

Vanquished Creatures
  Erolcha (D:10)
  The ghost of brucemayne the Severer, a novice HOBe of Trog (D:8)
  A wyvern (D:10)
  A soldier ant (D:10)
  A sky beast (D:9)
  An ice beast (D:7)
  A phantom (D:8)
  A centaur (D:8)
  2 giant frogs (D:10)
  A water moccasin skeleton (D:8)
  A scorpion (D:8)
  5 wights (D:7)
  A killer bee (D:8)
  2 centaur zombies
  4 hounds
  2 crimson imps (D:8)
  3 orc priests
  Ijyb (D:2)
  A jelly (D:5)
  6 worker ants
  2 iguanas
  4 orc wizards
  A killer bee zombie (D:8)
  A hound skeleton (D:4)
  5 adders
  2 shadow imps
  2 adder skeletons (D:4)
  An adder zombie (D:6)
  2 worms
  18 orcs
  A ball python (D:5)
  2 bats
  2 hobgoblins (D:1)
  6 kobolds
  2 quokkas
  2 giant geckos
  A giant gecko skeleton (D:6)
  A giant gecko zombie (D:8)
  A goblin (D:1)
  A quokka zombie (D:8)
  12 rats
106 creatures vanquished.

Vanquished Creatures (others)
  6 fungi (D:10)
6 creatures vanquished.

Grand Total: 112 creatures vanquished

Notes
Turn   | Place    | Note
--------------------------------------------------------------
     0 | D:1      | brucemayne the Hill Orc Berserker began the quest for the Orb.
     0 | D:1      | Reached XP level 1. HP: 19/19 MP: 1/1
   250 | D:2      | Found a shimmering altar of Xom.
   264 | D:2      | Reached XP level 2. HP: 24/26 MP: 2/2
   315 | D:3      | Found a bloodstained altar of Trog.
   315 | D:3      | Noticed a moth of wrath
   416 | D:3      | Reached skill level 5 in Axes
   431 | D:3      | Reached XP level 3. HP: 19/31 MP: 3/3
   471 | D:2      | Noticed Ijyb
   506 | D:2      | Killed Ijyb
   506 | D:2      | Reached skill level 6 in Axes
   506 | D:2      | Reached XP level 4. HP: 16/39 MP: 4/4
   589 | D:3      | Acquired Trog's second power
   594 | D:3      | Reached skill level 7 in Axes
   594 | D:3      | Reached XP level 5. HP: 30/45 MP: 5/5
   627 | D:3      | Found a sacrificial altar of Ru.
   671 | D:4      | Reached skill level 8 in Axes
   675 | D:4      | Reached XP level 6. HP: 26/51 MP: 6/6
   846 | D:4      | Got a shimmering copper ring
   847 | D:4      | Identified the ring of Qunteah {rPois MR+ Str+3 Int+5} (You found it on level 4 of the Dungeon)
   988 | D:5      | Entered Level 5 of the Dungeon
  1000 | D:5      | Reached skill level 9 in Axes
  1005 | D:5      | Found a stormy altar of Qazlal.
  1155 | D:5      | Reached skill level 10 in Axes
  1155 | D:5      | Reached XP level 7. HP: 26/57 MP: 7/7
  1340 | D:5      | Found a shattered altar of Ashenzari.
  1340 | D:5      | Found a glowing golden altar of the Shining One.
  1347 | D:5      | Found a basalt altar of Yredelemnul.
  1560 | D:7      | Reached skill level 11 in Axes
  1575 | D:7      | Reached XP level 8. HP: 57/64 MP: 8/8
  1647 | D:8      | Reached skill level 12 in Axes
  1784 | D:8      | Noticed brucemayne's ghost (novice HOBe)
  2030 | D:8      | Reached skill level 13 in Axes
  2168 | D:9      | Gained mutation: Armour fits poorly on your strangely shaped body. [mutagenic meat]
  2169 | D:9      | Gained mutation: You are partially covered in slimy green scales (AC +2). [mutagenic meat]
  2171 | D:9      | Gained mutation: You are dopey. (Int -2) [mutagenic meat]
  2172 | D:9      | Gained mutation: You are weak. (Str -2) [mutagenic meat]
  2384 | D:8      | Killed brucemayne's ghost
  2384 | D:8      | Reached skill level 15 in Axes
  2384 | D:8      | Reached XP level 9. HP: 55/70 MP: 9/9
  2437 | D:9      | You fall through a shaft!
  2437 | D:10     | Entered Level 10 of the Dungeon
  2460 | D:10     | Noticed Erolcha
  2484 | D:10     | Killed Erolcha
  2484 | D:10     | Reached skill level 16 in Axes
  2510 | D:10     | Noticed Uberwunderbarhen's ghost (novice OpTm)
  2647 | D:10     | Noticed a centaur warrior
  2652 | D:10     | Shot with an arrow by a centaur warrior

Vault maps used:
D:1:      minmay_arrival_shattered_statue, minmay_lizard_king
D:2:      xom_teletrap_fun, kennysheep_pointless_box, uniq_iyjb
D:3:      tgw_trog, lemuel_round_altar, gup_sewer_entry_glass, minivault_25,
          uniq_terence
D:4:      serial_shops, shop
D:5:      wad_pebble_path, gammafunk_temple_overflow_forgotten,
          nicolae_qazlal_general_emergency, first_bread,
          nicolae_for_you_no_charge, uniq_pikel, uniq_sigmund
D:6:      lemuel_old_faithful
D:7:      kennysheep_big_flooded_room, minmay_temple_entry_enclosed_plants,
          feat_on_display
D:9:      hiddenorc1_lemuel, david_nohive_1
D:10:     grunt_lair_entry_elf_guard_hut, uniq_erolcha

Action                   |  1- 3 |  4- 6 |  7- 9 || total
-------------------------+-------+-------+-------++-------
Melee: Hand axe          |    58 |   102 |   271 ||   431
Invok: Berserk           |     2 |     4 |    12 ||    18
       Trog's Hand       |       |     2 |    10 ||    12
  Use: Scroll            |     4 |       |     5 ||     9
       Potion            |       |       |     6 ||     6
 Stab: Invisible         |       |       |     9 ||     9
  Eat: Chunk             |     1 |     6 |    17 ||    24
       Fruit             |       |       |     6 ||     6
       Beef jerky        |       |       |     2 ||     2
